 Dungeon Crawl Stone Soup version 0.19-a0-1238-gee6bd96 (webtiles) character file.

184 George the Chopper (level 5, -7/72 HPs)
             Began as a Hill Orc Berserker on Aug 26, 2016.
             Was a Priest of Trog.
             Mangled by a water moccasin (9 damage)
             ... on level 4 of the Dungeon.
             The game lasted 00:04:01 (2951 turns).

George the Chopper (Hill Orc Berserker)             Turns: 2951, Time: 00:04:02

Health: -7/72      AC:  2    Str: 26    XL:     5   Next: 64%
Magic:  5/5        EV: 12    Int:  7    God:    Trog [***...]
Gold:   136        SH:  0    Dex: 10    Spells: 0 memorised, 4 levels left

rFire  . . .     SeeInvis .     a - +0 hand axe
rCold  . . .     Gourm    .     b - +0 animal skin
rNeg   . . .     Faith    .     (no shield)
rPois  .         Spirit   .     (no helmet)
rElec  .         Dismiss  .     (no cloak)
rCorr  .         Reflect  .     (no gloves)
MR     ++...     Harm     .     (no boots)
Stlth  ..........               (no amulet)
                                (no ring)
                                (no ring)

@: berserking, lethally poisoned (-7 -> -17), regenerating, very quick
A: no striking features
a: Berserk, Trog's Hand, Burn Spellbooks, Renounce Religion


You were on level 4 of the Dungeon.
You worshipped Trog.
Trog was most pleased with you.
You were not hungry.

You visited 1 branch of the dungeon, and saw 4 of its levels.

You collected 136 gold pieces.

Inventory:

Hand Weapons
 a - a +0 hand axe (weapon)
Armour
 b - a +0 animal skin (worn)
Scrolls
 h - a scroll of fog {unknown}
 j - 2 scrolls of remove curse {unknown}
 k - 2 scrolls of immolation {unknown}
 m - 5 scrolls of identify {unknown}
 q - a scroll of blinking {unknown}
Potions
 e - 3 potions of brilliance {unknown}
 g - a potion of might {unknown}
 l - a potion of heal wounds {unknown}
 o - a potion of curing {unknown}
Books
 n - a book of Maledictions

   Spells                             Type                      Level
   a - Corona                         Hexes                        1
   b - Ensorcelled Hibernation        Hexes/Ice                    2
   c - Confuse                        Hexes                        3
   d - Tukima's Dance                 Hexes                        3
   e - Dazzling Spray                 Conjuration/Hexes            3
   Trog disapproves of the use of such an item.
Comestibles
 c - 2 bread rations
 d - 2 meat rations
 f - 2 slices of pizza
 i - 2 fruits
 p - 3 chunks of flesh


   Skills:
 + Level 5.0 Fighting
 + Level 5.3 Axes
 + Level 3.4 Armour
 + Level 2.5 Dodging


You had 4 spell levels left.
You didn't know any spells.

Dungeon Overview and Level Annotations

Branches:
Dungeon (4/15)
 Temple: D:4-7

Altars:
Gozag

Shops:
D:4 *


Message History

You hit the water moccasin.
The water moccasin is moderately wounded.
You feel sick. The water moccasin misses you.
You hit the water moccasin but do no damage.
The water moccasin is moderately wounded.
You feel sick. The water moccasin misses you. The water moccasin bites you!
* * * LOW HITPOINT WARNING * * *
Your skin crawls.
You feel resistant to hostile enchantments.
You feel somewhat more hungry.
You feel sick. The water moccasin bites you!
* * * LOW HITPOINT WARNING * * *
You are more poisoned.
The water moccasin poisons you!
A red film seems to cover your vision as you go berserk!
You feel yourself moving faster!
You feel mighty!
You feel somewhat more hungry.
You feel sick. The water moccasin bites you.
* * * LOW HITPOINT WARNING * * *
You are more poisoned.
The water moccasin poisons you! The water moccasin bites you!
You die...

#.##.####.#
#########.........#
#............######
#.#######...........
##### ##.#########
#...### #.# +.S.'S#
#.# #S# #.#
#.#####@######.#
#..............#
################


You could see 2 water moccasins.

Vanquished Creatures
  A giant frog zombie (D:4)
  4 adders
  3 oozes
  A worm (D:3)
  4 dart slugs
  2 giant geckos (D:3)
  9 orcs
  2 ball pythons
  3 giant cockroaches
  10 hobgoblins
  3 jackals (D:1)
  7 kobolds
  A quokka (D:2)
  6 bats
  5 giant newts
  8 goblins
  12 rats
81 creatures vanquished.

Notes
Turn   | Place    | Note
-------+----------+-------------------------------------------
     0 | D:1      | George the Hill Orc Berserker began the quest for the Orb.
     0 | D:1      | Reached XP level 1. HP: 19/19 MP: 1/1
   241 | D:1      | Reached XP level 2. HP: 27/27 MP: 2/2
   490 | D:1      | Reached XP level 3. HP: 30/33 MP: 3/3
   756 | D:2      | Reached ** piety under Trog
  1164 | D:2      | Reached XP level 4. HP: 38/41 MP: 4/4
  1271 | D:2      | Found an opulent altar of Gozag.
  1634 | D:3      | Found a faded altar of an unknown god.
  2033 | D:3      | Reached *** piety under Trog
  2082 | D:3      | Reached skill level 5 in Axes
  2343 | D:3      | Reached XP level 5. HP: 15/47 MP: 5/5
  2794 | D:3      | Reached skill level 5 in Fighting
  2942 | D:4      | Found Waanes's Serpentskin Sales.
  2942 | D:4      | Noticed a water moccasin
  2942 | D:4      | Noticed a water moccasin
  2951 | D:4      | HP: 2/72 [water moccasin (6)]
  2951 | D:4      | Mangled by a water moccasin

Vault maps used:
D:1:      dpeg_arrival_erosion, minmay_tree_intersection, minmay_pentomino_x4
D:2:      nicolae_gozag_seed_capital
D:3:      ecumenical_altar_2, first_bread
D:4:      serial_glass, glass_columns_a, glass_columns_c, feat_on_display,
          item_on_display_b, minmay_strange_pillars, guppyfry_shop_venom,
          uniq_sigmund, uniq_edmund, uniq_duvessa

Skill      XL: |  1  2  3  4  5 |
---------------+----------------+-----
Fighting       | 4 5 |  5.0
Dodging        | 2 |  2.5
Armour         | 3 |  3.4
Axes           | 5 |  5.3

Action                   |  1- 3 |  4- 6 || total
-------------------------+-------+-------++-------
Melee: Hand axe          |   107 |   147 ||   254
Invok: Burn Spellbooks   |       |     1 ||     1
       Berserk           |       |     1 ||     1
       Trog's Hand       |       |     1 ||     1
 Stab: Sleeping          |       |     1 ||     1
  Eat: Chunk             |     1 |     6 ||     7
Armor: Animal skin       |    26 |    15 ||    41
Dodge: Dodged            |    72 |   100 ||   172
